 Dungeon Crawl Stone Soup version 0.20-a0-1126-g0f15420 (webtiles) character file.

276 Alarkh the Chopper (level 6, 46/46 HPs)
             Began as a Demonspawn Skald on May 14, 2017.
             Got out of the dungeon alive.
             The game lasted 00:04:38 (4178 turns).

Alarkh the Chopper (Demonspawn Skald)               Turns: 4178, Time: 00:04:38

Health: 46/46      AC:  4    Str: 11    XL:     6   Next: 4%
Magic:  9/9        EV: 12    Int: 16    God:
Gold:   161        SH:  0    Dex: 13    Spells: 8/9 levels left

rFire    . . .     SeeInvis .   a - +0 hand axe
rCold    . . .     Gourm    .   (no shield)
rNeg     . . .     Faith    .   b - +0 leather armour
rPois    .         Spirit   .   (no helmet)
rElec    .         Reflect  .   (no cloak)
rCorr    .         Harm     .   e - +0 pair of gloves
MR       .....                  (no boots)
Stlth    +.........             (no amulet)
Regen    0.2/turn               (no ring)
MPRegen  0.2/turn               (no ring)

@: no status effects
A: talons 1, spiny 1
a: no special abilities


You escaped.
You were not hungry.

You visited 1 branch of the dungeon, and saw 3 of its levels.

You collected 161 gold pieces.

Inventory:

Hand Weapons
 a - a +0 hand axe (weapon)
Armour
 b - a +0 leather armour (worn)
 e - a +0 pair of gloves (worn)
Scrolls
 f - a scroll of identify {unknown}
 g - 2 scrolls of enchant weapon {unknown}
 h - 3 scrolls of remove curse
 j - a scroll of magic mapping {unknown}
 l - a scroll of amnesia
 n - 2 scrolls of teleportation {unknown}
 o - a scroll of recharging {unknown}
 s - a scroll of fog {unknown}
Potions
 i - a potion of berserk rage {unknown}
 k - a potion of curing {unknown}
 r - a potion of haste {unknown}
 t - a potion of flight {unknown}
Books
 c - a book of Battle

   Spells                             Type                      Level
   a - Infusion                       Charms                       1
   b - Shroud of Golubria             Charms/Translocation         2
   c - Song of Slaying                Charms                       2
   d - Spectral Weapon                Hexes/Charms                 3
   e - Regeneration                   Charms/Necromancy            3
Comestibles
 d - a bread ration
 m - 3 royal jellies
 p - a meat ration
 q - a chunk of flesh


   Skills:
 + Level 2.9 Fighting
 + Level 3.6 Axes
 + Level 2.2 Armour
 + Level 2.9 Dodging
 + Level 1.0 Stealth
 + Level 2.2 Spellcasting
 + Level 3.1 Charms


You had 8 spell levels left.
You knew the following spells:

 Your Spells              Type           Power        Failure   Level  Hunger
a - Infusion              Chrm           ##..         8%          1    #......


Dungeon Overview and Level Annotations

Branches:
Dungeon (3/15)

Altars:
Vehumet


Innate Abilities, Weirdness & Mutations

You have sharp toenails.
You are partially covered in sharp spines.


Message History

The kobold is severely wounded.
The kobold hits you.
You slash the kobold!
You kill the kobold!
No target in view!
No target in view!
No target in view!
No target in view!
No target in view!
No target in view!
(D) Dungeon
Where to? (Enter - D:2 @ (x,y), ? - help) HP restored.
There is a stone staircase leading up here.
You climb upwards.
There is a stone staircase leading down here.
Some of the chunks of flesh in your inventory have rotted away.
There is a staircase leading out of the dungeon here.
Are you sure you want to leave the Dungeon?
This will make you lose the game!
You have escaped!

#.# #.#.#.........#.# #.# #.#
#.#.#.#########.#####.. #.#
#.#)......#...#.#.....# #.#
#.#.#####.#.#.###.###.# #.#
#...#(....#.#...#.# #.# #.#
##.########.#####.###.#
#.#######...[...........#..(..#
###.......#.######.######.###.###
.....######.....@#.#......# #.#
###.## ###################.# #.#
#.....###.##.# #.# #.........##.#
###.# #.....######.# # #...#
#.....######.### #.###
###.####.....##. #.# ####### #.#
#........ #.# #.....# #†#
#.######.


There were no monsters in sight!

Vanquished Creatures
  A crimson imp (D:3)
  2 jellies (D:2)
  A hound skeleton (D:3)
  6 adders
  9 oozes
  3 dart slugs
  2 leopard geckos (D:3)
  6 bats
  2 giant cockroaches (D:1)
  8 goblins
  6 hobgoblins
  A quokka (D:3)
  3 ball pythons (D:2)
  5 frilled lizards
  15 kobolds
  9 rats
79 creatures vanquished.

Vanquished Creatures (others)
  2 fungi (D:2)
  10 toadstools (D:2)
12 creatures vanquished.

Grand Total: 91 creatures vanquished

Notes
Turn   | Place    | Note
-------+----------+-------------------------------------------
     0 | D:1      | Alarkh the Demonspawn Skald began the quest for the Orb.
     0 | D:1      | Reached XP level 1. HP: 16/16 MP: 3/3
   229 | D:1      | Reached skill level 1 in Armour
   499 | D:1      | Gained mutation: You have sharp toenails. [demonic ancestry]
   499 | D:1      | Reached XP level 2. HP: 15/22 MP: 5/5
  1694 | D:1      | Reached XP level 3. HP: 27/28 MP: 6/6
  2213 | D:2      | Reached XP level 4. HP: 14/34 MP: 2/7
  2465 | D:2      | Reached XP level 5. HP: 30/39 MP: 3/8
  2631 | D:2      | Found a radiant altar of Vehumet.
  3687 | D:3      | Reached skill level 1 in Stealth
  3950 | D:3      | Gained mutation: You are partially covered in sharp spines. [demonic ancestry]
  3950 | D:3      | Reached XP level 6. HP: 44/46 MP: 4/9
  4028 | D:3      | Upgraded the game from 0.20-a0-1122-gb7cbeb9 to 0.20-a0-1124-g2e29d97
  4109 | D:2      | Upgraded the game from 0.20-a0-1124-g2e29d97 to 0.20-a0-1126-g0f15420
  4178 | D:$      | Got out of the dungeon alive.

Vault maps used:
D:1:      onia_arrival_mini_maze, minmay_misc_feat_pillars
D:2:      cheibrodos_fertilizer, vehumet_crystals
D:3:      minivault_26

Skill      XL: |  1  2  3  4  5 |
---------------+----------------+-----
Armour         | 1 2 |  2.2
Dodging        | 2 |  2.9
Axes           | 2 3 |  3.6
Charms         | 3 |  3.1
Stealth        | 1 |  1.0
Fighting       | |  2.9
Spellcasting   | |  2.2

Action                   |  1- 3 |  4- 6 || total
-------------------------+-------+-------++-------
Melee: Hand axe          |   143 |   137 ||   280
       Kick              |    25 |    23 ||    48
 Cast: Infusion          |     9 |     8 ||    17
  Use: Potion            |     2 |       ||     2
       Scroll            |     1 |     1 ||     2
 Stab: Sleeping          |     1 |       ||     1
  Eat: Chunk             |     4 |     2 ||     6
       Meat ration       |       |     1 ||     1
Armor: Leather armour    |    41 |    39 ||    80
Dodge: Dodged            |   112 |   101 ||   213
